 Dungeon Crawl Stone Soup version 0.17-b1-15-g0f5fb43 (webtiles) character file.

160 radek the Conjurer (level 5, -3/28 HPs)
             Began as a Deep Elf Conjurer on Nov 2, 2015.
             Slain by an orc
             ... wielding a +0 trident
              (8 damage)
             ... on level 4 of the Dungeon.
             The game lasted 00:10:15 (2472 turns).

radek the Conjurer (Deep Elf Conjurer)              Turns: 2472, Time: 00:10:15

Health: -3/28      AC:  4    Str:  6    XL:     5   Next: 17%
Magic:  26/35      EV: 13    Int: 20    God:
Gold:   59         SH:  0    Dex: 15    Spells: 2 memorised, 4 levels left

rFire  . . .     SeeInvis .     w - staff of power
rCold  . . .     Clarity  .     a - +0 robe
rNeg   . . .     SustAt   .     (no shield)
rPois  .         Gourm    .     (no helmet)
rElec  .         Spirit   .     m - +1 cloak
rCorr  .         Warding  .     (no gloves)
rMut   .         Stasis   .     (no boots)
MR     .....                    (no amulet)
Stlth  ++........               p - ring of flight
                                i - ring of magical power

@: very slightly contaminated, not resistant to hostile enchantments, unstealthy
A: no striking features
a: Evoke Flight


You were on level 4 of the Dungeon.
You were hungry.

You visited 1 branch of the dungeon, and saw 4 of its levels.

You collected 59 gold pieces.

Inventory:

Hand Weapons
 l - a +0 dagger
 o - a +1 short sword
Armour
 a - a +0 robe (worn)
 m - a +1 cloak (worn)
Magical Staves
 w - an uncursed staff of power (weapon)
Jewellery
 i - a ring of magical power (left hand)
 p - a ring of flight (right hand)
Wands
 u - a wand of enslavement (12)
 x - a wand of disintegration (9)
Scrolls
 d - 4 scrolls of identify
 f - a scroll of remove curse
 k - a scroll of fog
 q - a scroll of enchant armour
Potions
 e - a potion of heal wounds {unknown}
 g - a potion of flight {unknown}
 h - a potion of lignification {unknown}
 r - 2 potions of curing
Books
 b - a book of Conjurations

   Spells                             Type                      Level
   a - Magic Dart                     Conjuration                  1
   b - Searing Ray                    Conjuration                  2
   c - Dazzling Spray                 Conjuration/Hexes            3
   d - Fulminant Prism                Conjuration/Hexes            4
   e - Iskenderun's Mystic Blast      Conjuration                  4
   f - Iskenderun's Battlesphere      Conjuration/Charms           5
Comestibles
 c - 2 bread rations
 z - a meat ration


   Skills:
 - Level 2.4 Dodging
 - Level 2.4 Stealth
 - Level 3.0 Spellcasting
 - Level 7.0 Conjurations
 + Level 1.5 Charms


You had 4 spell levels left.
You knew the following spells:

 Your Spells              Type           Power        Failure   Level  Hunger
a - Magic Dart            Conj           ####         1%          1    None
b - Iskenderun's Battles  Conj/Chrm      ###.....     71%         5    ######.


Dungeon Overview and Level Annotations

Branches:
Dungeon (4/15)
 Temple: D:4-7

Altars:

Annotations:
D:2 Ijyb


Message History

The orc priest mumbles some strange prayers to Beogh against you.
Something smites you!
Ouch! That really hurt!
* * * LOW HITPOINT WARNING * * *
The orc priest casts a cantrip, but nothing happens.
Casting: Magic Dart
Confirm with . or Enter, or press ? or * to list all spells.
Aiming: Magic Dart
Press: ? - help, Shift-Dir - straight line, f/p - orc
Aim: an orc, wielding a trident and wearing a chain mail The magic dart hits the orc.
The orc barely misses you.
The orc priest miscasts a cantrip.
Casting: Magic Dart
Confirm with . or Enter, or press ? or * to list all spells.
Aiming: Magic Dart
Press: ? - help, Shift-Dir - straight line, f/p - orc
Aim: an orc, wielding a trident and wearing a chain mail The magic dart hits the orc.
The orc hits you from afar with a trident!
You die...

#....,,,,**,,,,,*,,
#...,,,,,****,*,*,,
#.o.,,,,,,,,,,*,*,,
*oo.,,,,,***,,*,,,,
*#O#****** *,,****,
#o########*,,****,
#oo......[,,,,,,,,
#.########*******,
#@# *,,,,,,,, #.#
*,******* #.# *,*
*,, #.# *,* *,, #.#
*,#####$. #.#
*,#§§§... #.#
*,#§§§..[ #.#
*,#§###.. #.#
*,#..,,,.


You could see an ogre, 3 orc priests, an orc wizard and 2 orcs.

Vanquished Creatures
  2 orc wizards (D:3)
  4 adders
  4 worms
  4 orcs
  A ball python (D:1)
  6 bats
  7 goblins
  5 hobgoblins
  2 quokkas (D:2)
  7 giant cockroaches
  3 giant geckos
  5 giant newts
  7 kobolds
  5 rats
62 creatures vanquished.

Notes
Turn   | Place    | Note
--------------------------------------------------------------
     0 | D:1      | radek the Deep Elf Conjurer began the quest for the Orb.
     0 | D:1      | Reached XP level 1. HP: 10/10 MP: 6/6
   150 | D:1      | Reached XP level 2. HP: 15/15 MP: 6/8
   187 | D:1      | Reached skill level 5 in Conjurations
   858 | D:1      | Reached XP level 3. HP: 6/19 MP: 9/9
  1223 | D:2      | Noticed Ijyb
  1372 | D:2      | Reached skill level 6 in Conjurations
  1468 | D:2      | Reached XP level 4. HP: 17/24 MP: 10/10
  2097 | D:3      | Reached skill level 7 in Conjurations
  2097 | D:3      | Reached XP level 5. HP: 28/28 MP: 11/11
  2104 | D:3      | Learned a level 5 spell: Iskenderun's Battlesphere
  2418 | D:3      | Reached skill level 1 in Charms
  2466 | D:4      | Noticed an ogre
  2472 | D:4      | Slain by an orc

Action                   |  1- 3 |  4- 6 || total
-------------------------+-------+-------++-------
 Cast: Magic Dart        |    90 |    63 ||   153
  Use: Scroll            |       |     8 ||     8
  Eat: Chunk             |     1 |     3 ||     4
